 Dungeon Crawl Stone Soup version 0.32-a0-981-g384da2ce10 (webtiles) character file.

Game seed: 2098696378615428627

34 DrKenneth the Covered (level 3, -1/33 HPs)
             Began as a Minotaur Fighter on Apr 21, 2024.
             Slain by Terence
             ... wielding a +0 hand axe
              (3 damage)
             ... on level 2 of the Dungeon.
             The game lasted 00:01:59 (907 turns).

DrKenneth the Covered (Minotaur Fighter)             Turns: 907, Time: 00:01:59

Health: -1/33      AC:  7    Str: 22    XL:     3   Next: 14%
Magic:  2/2        EV:  8    Int:  5    God:
Gold:   61         SH:  4    Dex:  9    Spells: 2/2 levels left

rFire   . . .        a - +0 war axe
rCold   . . .        c - +0 buckler
rNeg    . . .        b - +0 scale mail
rPois   .            (helmet restricted)
rElec   .            (no cloak)
rCorr   .            (no gloves)
SInv    .            (no boots)
Will    .....        (no amulet) Stlth
                     (no ring)
HPRegen 0.25/turn    (no ring)
MPRegen 0.08/turn

%: no passive effects
@: no status effects
A: horns 2, retaliatory headbutt
a: no special abilities


You were on level 2 of the Dungeon.
You visited 1 branch of the dungeon, and saw 2 of its levels.

You collected 61 gold pieces.

Inventory:

Hand Weapons
 a - a +0 war axe (weapon)
Armour
 b - a +0 scale mail (worn)
 c - a +0 buckler (worn)
Scrolls
 g - a scroll of noise {unknown}
 h - a scroll of identify {unknown}
 j - a scroll of enchant weapon {unknown}
 l - a scroll of revelation {unknown}
Potions
 d - a potion of might
 e - a potion of curing {unknown}
 f - a potion of mutation {unknown}
 i - a potion of attraction {unknown}
 k - a potion of lignification {unknown}


   Skills:
 + Level 4.1 Fighting
 + Level 3.0 Axes
 + Level 4.1 Armour
 + Level 4.0 Shields


You had 2 spell levels left.
You didn't know any spells.
Your spell library was empty.

Dungeon Overview and Level Annotations

Branches:
Dungeon (2/15)

Altars:

Annotations:
D:2 Terence


Innate Abilities, Weirdness & Mutations

You have a pair of horns on your head.
You reflexively headbutt those who attack you in melee.


Message History

Terence hits you with a +0 hand axe.
You barely miss Terence.
Terence is lightly wounded.
You slash the ribbon worm! Terence hits you but does no damage.
The ribbon worm completely misses you. You block Terence's attack.
The ribbon worm closely misses you.
You hit Terence but do no damage. You headbutt Terence.
Terence is lightly wounded.
You barely miss the ribbon worm. Terence hits you but does no damage.
The ribbon worm bites you.
You barely miss the ribbon worm.
The ribbon worm is severely wounded.
You hit Terence. Terence hits you but does no damage.
The ribbon worm bites you.
You barely miss the ribbon worm. You headbutt the ribbon worm!
You kill the ribbon worm!
You closely miss Terence. Terence barely misses you.
Terence bares his teeth.
Terence hits you but does no damage.
You barely miss Terence. Your headbutt misses Terence.
Terence is moderately wounded.
Terence hits you with a +0 hand axe.
You slash Terence!
Terence is almost dead.
Terence hits you with a +0 hand axe!
* * * LOW HITPOINT WARNING * * *
Terence hits you but does no damage.
You closely miss Terence. Your headbutt misses Terence.
Terence is almost dead.
Terence hits you with a +0 hand axe.
* * * LOW HITPOINT WARNING * * *
You closely miss Terence.
Terence is almost dead.
Terence hits you with a +0 hand axe.
* * * LOW HITPOINT WARNING * * *
You closely miss Terence.
Terence is almost dead.
You block Terence's attack. Terence hits you with a +0 hand axe.
You die...
Terence says, "Time to find some more victims."

#......)...........##
#........†.......###
###.<............#
....####.........#
#### #.>.......#
#.........#
#.........#
..........$##
#.....#..$@.#
#####......@......
#:............
#.............
#.............
#.............
#.[...........
#.............


You could see Terence.

Vanquished Creatures
  A ribbon worm (D:2)
  2 bats (D:1)
  2 endoplasms
  4 giant cockroaches
  A hobgoblin (D:1)
  3 jackals (D:1)
  2 quokkas
  5 ball pythons (D:1)
  2 frilled lizards (D:1)
  2 goblins (D:2)
  A kobold (D:1)
  4 rats
29 creatures vanquished.

Notes
Turn   | Place    | Note
-------+----------+-------------------------------------------
     0 | D:1      | DrKenneth the Minotaur Fighter began the quest for the Orb.
     0 | D:1      | Reached XP level 1. HP: 19/19 MP: 0/0
   197 | D:1      | Reached XP level 2. HP: 27/27 MP: 1/1
   532 | D:1      | Found a faded altar of an unknown god.
   891 | D:2      | Noticed Terence
   895 | D:2      | Reached XP level 3. HP: 26/33 MP: 2/2
   906 | D:2      | HP: 1/33 [Terence/+0 hand axe (5)]
   907 | D:2      | Slain by Terence

Illustrated notes

Levels and vault maps discovered:
D:1:      grunt_arrival_lava_bath, layout_basic,
          shapermc_ecumenical_altar_mp_highgroup
D:2:      layout_rooms, uniq_terence, uniq_natasha

Skill      XL: |  1  2 |
---------------+-------+-----
Fighting       | 4 |  4.1
Armour         | 4 |  4.1
Shields        | 4 |  4.0
Axes           | 3 |  3.0

Action                     || total
---------------------------++-------
  Melee: War axe           ||    67
         Headbutt          ||     7
 Armour: Scale mail        ||    57
  Dodge: Dodged            ||    38
  Block: Buckler           ||    15

Table legend: (Time is in decaauts)
 A = Elapsed time spent in this place.
 B = Non-inter-level travel time spent in this place.
 C = Inter-level travel time spent in this place.
 D = Time resting spent in this place.
 E = Time spent auto-exploring this place.
 F = Levels seen in this place.
 G = Mean time per level.
                   A        B        C        D        E       F      G
               +--------+--------+--------+--------+--------+-----+--------+
         Total |    932 |    841 |     91 |      0 |    680 |   2 |  466.0 |
       Dungeon |    932 |    841 |     91 |      0 |    680 |   2 |  466.0 |
               +--------+--------+--------+--------+--------+-----+--------+

Top non-repeatable levels by time:
     D:1: 850 daAuts
     D:2: 81 daAuts
